 Dungeon Crawl Stone Soup version 0.25-a0-310-g60f0ac2d9a (webtiles) character file.

Game seed: 17527580313473116216, levelgen mode: deterministic

18 ANON1729 the Digger (level 2, 0/18 HPs)
             Began as an Octopode Earth Elementalist on Dec 23, 2019.
             Slain by a hobgoblin
             ... wielding a +0 club
              (7 damage)
             ... on level 1 of the Dungeon.
             The game lasted 00:01:57 (663 turns).

ANON1729 the Digger (Octopode Earth Elementalist)    Turns: 663, Time: 00:01:58

Health: 0/18       AC:  1    Str:  7    XL:     2   Next: 70%
Magic:  5/5        EV: 13    Int: 17    God:
Gold:   12         SH:  0    Dex: 12    Spells: 4/5 levels left

rFire    . . .     SeeInvis .     - Unarmed
rCold    . . .     Gourm    .   (no shield)
rNeg     . . .     Faith    .   (helmet restricted)
rPois    .         Spirit   .   (no amulet)
rElec    .         Reflect  .   (no ring)
rCorr    .         Harm     .   (no ring)
MR       .....                  (no ring)
Stlth    +++.......             (no ring)
HPRegen  0.06/turn              (no ring)
MPRegen  0.09/turn              (no ring)
                                (no ring)
                                (no ring)

@: no status effects
A: almost no armour, stealthy swim, amphibious, 8 rings, constrict 8, camouflage
1, gelatinous body 1
a: no special abilities


You were on level 1 of the Dungeon.
You were not hungry.

You visited 1 branch of the dungeon, and saw 1 of its levels.

You collected 12 gold pieces.

Inventory:

Missiles
 b - 28 stones (quivered)
Jewellery
 a - an uncursed ring of resist corrosion {unknown}
Comestibles
 c - a ration
 d - 2 chunks of flesh


   Skills:
 + Level 0.4 Fighting
 + Level 2.1 Dodging
 + Level 2.8 Stealth
 * Level 1.1 Unarmed Combat
 + Level 2.1 Spellcasting
   Level 1.0 Transmutations
 + Level 3.1 Earth Magic


You had 4 spell levels left.
You knew the following spells:

 Your Spells              Type           Power        Failure   Level  Hunger
a - Sandblast             Erth           ##....       5%          1    #......

Your spell library contained the following spells:

 Spells                   Type           Power        Failure   Level  Hunger
 Passwall                 Tmut/Erth      #.......     12%         2    ###....
 Stone Arrow              Conj/Erth      #.....       30%         3    ###....
 Petrify                  Tmut/Erth      #.......     63%         4    #####..
 Lee's Rapid Deconstruct  Erth           ##........   82%         5    ######.


Dungeon Overview and Level Annotations

Branches:
Dungeon (1/15)

Altars:


Innate Abilities, Weirdness & Mutations

You cannot wear most types of armour.
You are very stealthy in the water. (Stealth+)
You are amphibious.
You can wear up to eight rings at the same time.
You can use your tentacles to constrict eight enemies at once.
Your skin changes colour to match your surroundings (Stealth+).
Your rubbery body absorbs attacks. (AC +1, EV +1)


Message History

The bat is heavily wounded.
You constrict the bat.
You kill the bat!
You tentacle-slap the hobgoblin but do no damage.
You grab the hobgoblin.
You constrict the hobgoblin, but do no damage.
The hobgoblin misses you.
You tentacle-slap the hobgoblin but do no damage.
You constrict the hobgoblin, but do no damage.
The hobgoblin hits you.
You barely miss the hobgoblin. You constrict the hobgoblin.
The hobgoblin closely misses you.
You tentacle-slap the hobgoblin. You squeeze the hobgoblin.
You kill the hobgoblin!
You barely miss the hobgoblin. Your grab misses the hobgoblin.
Your squeeze misses the hobgoblin.
You tentacle-slap the hobgoblin but do no damage.
You grab the hobgoblin. You constrict the hobgoblin.
The hobgoblin hits you with a +0 club!
You die...

.###.###...####
...#........#
#.#.####.#.# ###
... #...#.# ....
##.##.###.#...#.
#....†...>#.....
#............#
#.###.......$#
#.@gl.....##.#
#########)...#
...### ..# ..#
..# ..# ..#


You could see a leopard gecko and a hobgoblin.

Vanquished Creatures
  A dart slug (D:1)
  A goblin (D:1)
  2 hobgoblins (D:1)
  4 jackals (D:1)
  3 bats (D:1)
  2 frilled lizards (D:1)
  3 kobolds (D:1)
16 creatures vanquished.

Notes
Turn   | Place    | Note
-------+----------+-------------------------------------------
     0 | D:1      | ANON1729 the Octopode Earth Elementalist began the quest
                  | for the Orb.
     0 | D:1      | Reached XP level 1. HP: 11/11 MP: 3/3
   389 | D:1      | Reached XP level 2. HP: 14/17 MP: 0/5
   472 | D:1      | Reached skill level 1 in Unarmed Combat
   663 | D:1      | Slain by a hobgoblin

Levels and vault maps discovered:
D:1:      nagdon_arrival_zigzag_paths, layout_basic

Skill      XL: |  1  2 |
---------------+-------+-----
Unarmed Combat | 1 |  1.1
Fighting       | |  0.4
Dodging        | |  2.1
Stealth        | |  2.8
Spellcasting   | |  2.1
Transmutations | |  1.0
Earth Magic    | |  3.1

Action                   || total
-------------------------++-------
Melee: Unarmed           ||    47
       Constrict         ||     9
       Tentacles         ||     7
 Cast: Sandblast         ||     5
  Use: Potion            ||     3
 Stab: Sleeping          ||     1
Armor: Skin              ||     9
Dodge: Dodged            ||    45

Table legend:
 A = Non-vault XP
 B = Vault XP
 C = Vault XP percentage of total XP
 D = Non-vault monster count
 E = Vault monster count
 F = Vault count percentage of total count
                 A         B        C        D         E       F
            +---------+---------+-------+---------+---------+-------
      Total |      27 |       0 |   0.0 |      16 |       0 |   0.0
            +---------+---------+-------+---------+---------+-------
        D:1 |      27 |       0 |   0.0 |      16 |       0 |   0.0
            +---------+---------+-------+---------+---------+-------
